 Dungeon Crawl Stone Soup version 0.29.1-12-g30fa7ad0bf (webtiles) character file.

Game seed: 3801102702201124975

463 safid the Shooter (level 6, 0/58 HPs)
             Began as a Minotaur Hunter on Dec 19, 2022.
             Killed from afar by an orc wizard (6 damage)
             ... with a magic dart
             ... on level 4 of the Dungeon.
             The game lasted 00:04:06 (3203 turns).

safid the Shooter (Minotaur Hunter)                 Turns: 3203, Time: 00:04:07

Health: 0/58       AC:  9    Str: 16    XL:     6   Next: 79%
Magic:  5/5        EV: 11    Int:  6    God:
Gold:   250        SH:  0    Dex: 15    Spells: 5/5 levels left

rFire   . . .      SeeInvis .   a - +0 shortbow
rCold   . . .      Faith    .   (shield currently unavailable)
rNeg    . . .      Spirit   .   r - +2 ring mail {Will+}
rPois   .          Reflect  .   (helmet restricted)
rElec   .          Harm     .   t - +0 cloak
rCorr   .          Rampage  .   d - +0 pair of gloves
Will    +....                   (no boots)
Stlth   +.........              (no amulet)
HPRegen 0.19/turn               (no ring)
MPRegen 0.09/turn               (no ring)

@: no status effects
A: horns 2, retaliatory headbutt
a: no special abilities


You were on level 4 of the Dungeon.
You visited 1 branch of the dungeon, and saw 4 of its levels.

You collected 274 gold pieces.
You spent 24 gold pieces at shops.

Inventory:

Hand Weapons
 a - a +0 shortbow (weapon)
Armour
 d - a +0 pair of gloves (worn)
 r - a +2 ring mail of willpower (worn)
 t - a +0 cloak (worn)
Jewellery
 v - the ring "Ruzihoqe" {MP+9 Str+2 Dex+3}
   (You found it on level 4 of the Dungeon)

   [ring of magical power]

   Str:       It affects your strength (+2).
   Dex:       It affects your dexterity (+3).
   MP:        It affects your magic capacity (+9).
 x - a ring of magical power
Scrolls
 b - a scroll of torment {unknown}
 c - a scroll of fear {unknown}
 f - a scroll of blinking {unknown}
 g - 2 scrolls of identify
 h - a scroll of magic mapping {unknown}
 k - a scroll of enchant armour {unknown}
 l - a scroll of enchant weapon {unknown}
 m - a scroll of silence {unknown}
 o - a scroll of poison {unknown}
 p - 2 scrolls of vulnerability {unknown}
 q - a scroll of amnesia {unknown}
 s - a scroll of teleportation {unknown}
 w - a scroll of noise {unknown}
Potions
 e - 2 potions of attraction {unknown}
 i - a potion of lignification {unknown}
 j - a potion of invisibility {unknown}
 n - 3 potions of heal wounds {unknown}
 u - a potion of haste


   Skills:
 + Level 6.4 Fighting
 + Level 7.1 Ranged Weapons
 - Level 2.1 Dodging
 - Level 0.7 Stealth


You had 5 spell levels left.
You didn't know any spells.
Your spell library contained the following spells:

 Spells                   Type           Power      Damage    Failure   Level
 Summon Small Mammal      Summ           0%         N/A       67%         1
 Static Discharge         Conj/Air       0%         3-3/arc   82%         2
 Call Canine Familiar     Summ           0%         N/A       96%         3
 Summon Guardian Golem    Hex/Summ       0%         N/A       96%         3
 Lightning Bolt           Conj/Air       0%         1d11      100%        5
 Maxwell's Capacitive Co  Air            0%         ∞         100%        8


Dungeon Overview and Level Annotations

Branches:
Dungeon (4/15)
 Temple: D:4-7

Altars:
Dithmenos
Hepliaklqana
Sif Muna
Xom

Shops:
D:4 ?


Innate Abilities, Weirdness & Mutations

You have a pair of horns on your head.
You reflexively headbutt those who attack you in melee.


Message History

You shoot an arrow. Something hits you but does no damage.
Unknown command.
Fire: a) +0 shortbow
Press: ? - help, Q - select action Shift-Dir - straight line You shoot an arrow.
Something hits you but does no damage.
Fire: a) +0 shortbow
Press: ? - help, Q - select action Shift-Dir - straight line You shoot an arrow.
You hear some strange, mumbled words.
A puff of flame appears from out of thin air!
The puff of flame hits you.
* * * LOW HITPOINT WARNING * * *
Something hits you but does no damage.
Fire: a) +0 shortbow
Press: ? - help, Q - select action Shift-Dir - straight line You shoot an arrow.
Something hits you but does no damage.
Unknown command.
Fire: a) +0 shortbow
Press: ? - help, Q - select action Shift-Dir - straight line You shoot an arrow.
Reactivating autopickup.
You feel a bit more experienced.
Unknown command.
You start resting.
An orc wizard is nearby!
Items here: ))) [[[ ††.
Unknown command.
x - a ring of magical power
Found a scroll of identify.
Found a stone staircase leading up.
The orc wizard gestures at you while chanting.
You resist with almost no effort.
The orc wizard gestures at you while chanting.
The magic dart hits you!
* * * LOW HITPOINT WARNING * * *
The orc wizard casts a spell at you. The magic dart hits you.
You die...

##.†###.....#
#...#.#...#.#
#.###.###.#.##
##.#..:..#....#
###..###.###....#
.......'.#..o.^.#
##....###......#
##.#......#....#
####
#..<.@###......#
...#
#.#.#.##..#....#
...# #
.....##....# ...#
...... #....#
...# #.#.....
#....# ...# .###
#.#...?.####.##
...# ...
#.####..# #.#
#### ..# #.# .##
#.# ##..# #.# #.#
#.#


You could see an orc wizard.

Vanquished Creatures
  A phantom (D:4)
  A scorpion (D:4)
  5 hounds
  3 orc wizards (D:4)
  6 adders
  2 worms
  A dart slug (D:1)
  An orc (D:3)
  4 ball pythons
  6 endoplasms
  3 goblins (D:1)
  6 hobgoblins
  8 kobolds
  2 quokkas (D:1)
  3 bats
  3 frilled lizards
  8 rats
63 creatures vanquished.

Notes
Turn   | Place    | Note
-------+----------+-------------------------------------------
     0 | D:1      | safid the Minotaur Hunter began the quest for the Orb.
     0 | D:1      | Reached XP level 1. HP: 18/18 MP: 0/0
    50 | D:1      | You fall into a shaft and drop 1 floor!
    71 | D:2      | Noticed a hound
    77 | D:2      | Killed a hound
    78 | D:2      | Reached skill level 5 in Ranged Weapons
    78 | D:2      | Reached XP level 2. HP: 17/26 MP: 1/1
    78 | D:2      | Reached XP level 3. HP: 20/31 MP: 2/2
   734 | D:1      | Found a faded altar of an unknown god.
  1209 | D:2      | Reached XP level 4. HP: 36/40 MP: 3/3
  1878 | D:3      | Reached XP level 5. HP: 47/47 MP: 4/4
  2560 | D:4      | Noticed a phantom
  2565 | D:4      | Killed a phantom
  2566 | D:4      | Reached skill level 5 in Fighting
  2566 | D:4      | Reached skill level 6 in Ranged Weapons
  2591 | D:4      | Found a hazy altar of Hepliaklqana.
  2592 | D:4      | Found a shimmering blue altar of Sif Muna.
  2593 | D:4      | Found a shimmering altar of Xom.
  2593 | D:4      | Found a shadowy altar of Dithmenos.
  2669 | D:4      | Reached XP level 6. HP: 50/57 MP: 5/5
  2764 | D:4      | Identified the ring "Ruzihoqe" {MP+9 Str+2 Dex+3}
  2784 | D:4      | Found Wautuiza's Magic Scroll Boutique.
  2799 | D:4      | Bought a scroll of identify for 24 gold pieces
  3146 | D:4      | Reached skill level 7 in Ranged Weapons
  3203 | D:4      | Killed from afar by an orc wizard

Illustrated notes

Levels and vault maps discovered:
D:1:      giann_forest_graveyard, layout_basic, chequers_ecumenical_altar_lobes,
          minivault_14, st_stairs_7
D:2:      layout_loops_cross, minmay_misc_feat_x
D:3:      layout_basic
D:4:      layout_rooms, zin_academy, mainiacjoe_overflow_alcove_3, serial_shops,
          shop_coins, minmay_a_box_with_orc_wizards_in_it

Skill      XL: |  1  2  3  4  5  6 |
---------------+-------------------+-----
Fighting       | 3 4 5 6 |  6.4
Ranged Weapons | 5 6 7 |  7.1
Dodging        | |  2.1
Stealth        | |  0.7

Action                   |  1- 3 |  4- 6 || total
-------------------------+-------+-------++-------
 Fire: Shortbow          |    72 |   136 ||   208
Armor: Leather armour    |     5 |     3 ||     8
       Ring mail         |       |    58 ||    58
Dodge: Dodged            |    13 |    64 ||    77
